Map: Ruins of Seras

Players

Snuffe

  • Race: Zerg Zerg
  • League: Grandmaster

Symbol - Winner!

  • Race: Zerg Zerg

VOD

Have the link to the VOD?

Description

Time

  • Played on: Dec. 6, 2015, 8:20 a.m.
  • Length: 33:47
Show
View Real Time Build Order
Export as new Build Order

Snuffe Zerg 

Build Orders: Hatch First, Lurkers 

Get SALT Encoding   

  12  0:00  Drone  
  13  0:13  Overlord  
  13  0:18  Drone  
  14  0:24  Drone, Extractor  
  15  0:31  Drone  
  15  0:35  Drone  
  17  0:53  Hatchery  
  17  0:56  Drone  
  17  1:11  Spawning Pool  
  16  1:13  Drone  
  16  1:16  Drone  
  18  1:19  Drone  
  19  1:37  Overlord  
  19  1:58  Zergling x2, Queen  
  19  1:59  Zergling x2  
  19  2:01  Zergling x2  
  24  2:06  Queen  
  24  2:07  Spine Crawler, Zergling x2  
  26  2:11  Drone  
  27  2:16  Drone  
  28  2:29  Drone  
  30  2:30  Drone  
  30  2:35  Queen  
  32  2:37  Overlord  
  32  2:41  Queen  
  34  2:46  Drone x2  
  36  2:55  Overlord  
  36  2:57  Drone  
  37  2:59  Drone  
  38  3:06  Drone x2  
  38  3:07  Drone x2  
  38  3:11  Drone  
  43  3:15  Drone x2  
  43  3:16  Drone, Extractor  
  43  3:19  Extractor  
  44  3:26  Roach Warren  
  43  3:29  Drone, Extractor  
  43  3:30  Drone x2  
  44  3:46  Drone x4  
  48  3:48  Drone x2  
  48  3:49  Drone  
  48  3:51  Overlord  
  51  3:57  Overlord  
  51  4:01  Lair  
  51  4:04  Extractor  
  51  4:05  Drone  
  51  4:16  Drone x3  
  54  4:17  Drone x3  
  54  4:18  Overlord  
  54  4:22  Evolution Chamber, Drone  
  57  4:34  Hatchery  
  56  4:40  Overlord  
  56  4:41  Overlord x2  
  56  4:50  Zerg Missile Weapons Level 1  
  56  4:51  Roach x2  
  60  4:56  Roach x2  
  64  5:00  Glial Reconstitution  
  64  5:09  Roach x4  
  64  5:10  Roach  
  64  5:13  Overlord  
  74  5:18  Roach  
  74  5:20  Roach  
  78  5:27  Ravager x3  
  81  5:33  Roach x4  
  81  5:34  Roach  
  81  5:35  Roach  
  93  5:36  Overseer  
  93  5:40  Ravager  
  94  5:44  Overlord, Ravager  
  94  5:45  Drone x2  
  97  5:55  Drone x3  
  100  6:02  Drone x5  
  100  6:03  Drone x3  
  108  6:08  Overlord  
  108  6:13  Drone x2  
  110  6:26  Roach x6  
  122  6:36  Overlord x2  
  122  6:37  Roach, Extractor  
  122  6:38  Extractor  
  122  6:39  Burrow, Tunneling Claws  
  122  6:46  Zerg Missile Weapons Level 2  
  122  6:47  Overlord x2  
  122  6:58  Drone x3  
  122  6:59  Drone x3  
  122  7:00  Drone  
  129  7:01  Drone  
  129  7:04  Ravager x2, Roach  
  129  7:07  Overlord  
  134  7:08  Roach  
  134  7:09  Roach x4  
  144  7:16  Drone  
  145  7:23  Overlord  
  145  7:25  Hatchery, Overlord  
  144  7:35  Overlord  
  144  7:36  Overlord  
  144  7:40  Roach  
  144  7:41  Roach x4  
  154  7:44  Roach x10  
  154  7:48  Roach x2  
  154  7:49  Roach  
  160  7:54  Roach x5  
  160  7:55  Roach x2  
  174  8:06  Overlord x2  
  174  8:09  Roach x7  
  172  8:13  Roach x3  
  172  8:18  Roach x5  
  172  8:19  Roach x2  
  177  8:23  Overlord  
  177  8:24  Overlord  
  177  8:27  Roach x7  
  183  8:33  Roach  
  182  8:35  Roach  
  169  8:41  Roach  
  169  8:43  Roach  
  169  8:44  Roach x9  
  169  8:47  Roach  
  189  8:49  Roach x4  
  189  8:52  Roach x2  
  189  8:55  Roach x3  
  184  9:03  Roach x2  
  184  9:04  Roach  
  184  9:05  Zerg Ground Armor Level 1  
  184  9:08  Roach  
  188  9:10  Roach  
  188  9:11  Roach  
  188  9:16  Roach x2  
  186  9:23  Roach x7  
  186  9:24  Roach x4  
  172  9:25  Roach x18  
  160  9:33  Roach x4  
  160  9:35  Roach x2  
  160  9:36  Roach  
  166  9:41  Roach x2  
  166  9:45  Roach x2  
  174  9:47  Queen x2  
  174  9:48  Roach  
  174  9:51  Roach  
  178  10:00  Roach x3  
  178  10:03  Roach x4  
  178  10:04  Drone x2  
  178  10:05  Drone x2  
  183  10:20  Ravager, Roach  
  183  10:21  Hydralisk Den  
  185  10:22  Ravager x8  
  185  10:26  Roach x7  
  193  10:34  Spore Crawler  
  193  10:35  Roach x2  
  196  10:36  Roach x2  
  196  10:42  Extractor  
  199  10:44  Spine Crawler  
  199  10:46  Spine Crawler  
  199  10:47  Extractor  
  199  10:49  Lurker Den  
  196  10:59  Roach x2  
  196  11:01  Zerg Ground Armor Level 2  
  198  11:10  Roach x2  
  198  11:15  Roach  
  198  11:16  Roach  
  198  11:23  Roach x3  
  200  11:28  Roach  
  167  11:47  Roach  
  167  11:48  Roach x11  
  167  11:49  Roach x7  
  177  11:55  Hydralisk x2  
  177  11:56  Hydralisk  
  152  12:08  Hydralisk x3  
  131  12:16  Ravager x2  
  131  12:17  Ravager x5  
  131  12:18  Ravager x3  
  141  12:23  Hydralisk  
  141  12:24  Hydralisk x2  
  141  12:29  Roach x2  
  151  12:37  Lurker  
  152  12:38  Lurker x4  
  152  12:41  Lurker  
  153  12:52  Drone x2  
  153  12:53  Drone, Roach x3  
  162  13:07  Roach x6  
  162  13:08  Overseer  
  174  13:22  Drone, Infestation Pit  
  174  13:28  Overseer x2  
  174  13:30  Hatchery  
  174  13:31  Pneumatized Carapace  
  173  13:41  Roach x5  
  179  13:42  Roach  
  185  13:51  Roach x3  
  185  13:52  Roach  
  193  14:14  Roach x3  
  199  14:21  Roach  
  197  14:25  Hive  
  193  14:41  Drone  
  193  14:42  Drone x6, Spire  
  193  15:08  Spine Crawler  
  193  15:09  Spine Crawler  
  193  15:10  Spore Crawler  
  190  15:16  Extractor  
  190  15:17  Extractor  
  190  15:19  Evolution Chamber  
  190  15:20  Hydralisk x6  
  199  15:41  Zerg Ground Armor Level 3  
  199  15:56  Greater Spire  
  199  15:57  Zerg Missile Weapons Level 3  
  198  16:16  Overseer  
  198  16:21  Corruptor  
  188  16:42  Corruptor  
  188  16:43  Corruptor x7  
  188  16:44  Corruptor  
  200  16:51  Spore Crawler  
  200  16:53  Spine Crawler  
  198  16:55  Spine Crawler  
  198  16:58  Corruptor  
  198  16:59  Spine Crawler  
  198  17:06  Drone x2  
  200  17:21  Overlord  
  198  17:40  Spine Crawler x3  
  198  17:43  Spine Crawler  
  194  17:50  Spire  
  193  17:51  Drone x3  
  193  17:52  Drone  
  197  18:20  Brood Lord  
  197  18:27  Brood Lord x5  
  183  18:37  Corruptor  
  183  18:38  Corruptor x7  
  199  18:45  Spore Crawler  
  198  18:52  Overseer  
  198  19:08  Corruptor x3  
  188  19:22  Hydralisk  
  188  19:23  Hydralisk x13  
  141  20:03  Drone  
  141  20:04  Drone x2  
  141  20:06  Spire  
  143  20:20  Roach x18  
  143  20:21  Roach x6  
  191  20:45  Overlord x2  
  191  20:49  Hatchery  
  190  20:59  Overlord x2, Roach x5  
  167  21:08  Overseer x3  
  158  21:15  Overseer  
  158  21:23  Viper, Overseer x2  
  158  21:24  Viper x3  
  169  21:25  Roach  
  169  21:26  Roach x4  
  166  22:10  Roach  
  166  22:11  Roach x14  
  196  22:21  Overlord  
  196  22:22  Overlord  
  182  22:39  Overseer  
  182  22:50  Ravager x5  
  187  22:52  Overlord  
  187  23:00  Overlord x2  
  187  23:01  Overlord  
  187  23:17  Overlord  
  185  23:24  Overlord  
  185  23:31  Spore Crawler  
  170  24:05  Hatchery  
  160  24:39  Overlord  
  160  24:40  Overlord  
  157  25:39  Hatchery  
  148  26:35  Hatchery  
  147  27:06  Spawning Pool  
  146  27:33  Overlord x2  
  146  27:34  Overlord  
  146  28:03  Overlord x2  
  146  28:17  Overlord  
  146  28:23  Lair  
  146  28:24  Overlord  
  146  28:47  Overlord x2  
  146  28:59  Roach x2  
  146  29:02  Hatchery  
  135  29:13  Overlord x3  
  135  29:27  Overseer x3  
  135  29:28  Overseer  
  135  29:30  Extractor x2  
  133  29:33  Overlord  
  92  30:02  Drone x3  
  91  30:27  Overseer  
  69  30:43  Queen  
  69  30:46  Zergling x6  
  69  30:47  Zergling x6  
  79  31:01  Spore Crawler  
  78  31:09  Overseer  
  78  31:18  Spore Crawler  
  61  31:43  Lair  
  59  31:56  Drone x2  
  59  31:58  Hatchery  
  59  31:59  Extractor  
  59  32:07  Drone x2  
  61  32:12  Drone x3  
  64  32:18  Extractor  
  49  32:40  Roach x6  
  49  32:42  Drone x2  
  51  32:45  Roach Warren  
  51  32:46  Drone  
  51  32:47  Drone x3  
  54  33:01  Overseer  
  54  33:03  Overseer  
  55  33:05  Drone  
  55  33:27  Roach Warren  
Show
View Real Time Build Order
Export as new Build Order

Symbol Zerg - Winner!

Build Orders: Pool First, Lurkers 

Get SALT Encoding   

  12  0:02  Drone  
  13  0:13  Overlord  
  13  0:18  Drone  
  14  0:31  Drone x2  
  16  0:37  Drone  
  17  0:45  Spawning Pool  
  16  0:50  Drone  
  17  1:06  Extractor  
  16  1:12  Hatchery  
  16  1:15  Drone  
  16  1:19  Drone  
  16  1:22  Drone  
  18  1:30  Drone  
  19  1:36  Queen  
  21  1:44  Overlord  
  21  1:53  Zergling x2  
  22  2:06  Metabolic Boost  
  22  2:12  Queen  
  24  2:21  Drone x2  
  26  2:24  Queen  
  28  2:30  Drone x2  
  30  2:39  Drone, Overlord  
  31  2:45  Drone x2  
  31  2:50  Drone x2  
  35  2:52  Drone  
  35  3:01  Zergling x2  
  35  3:03  Baneling Nest  
  35  3:05  Drone  
  36  3:08  Zergling x2  
  37  3:14  Drone  
  37  3:19  Overlord  
  38  3:22  Drone x4  
  42  3:29  Drone  
  42  3:34  Overlord  
  43  3:37  Drone  
  43  3:38  Drone x2  
  46  3:42  Queen  
  46  3:44  Drone  
  46  3:46  Baneling x2  
  49  3:51  Drone x3  
  52  4:10  Hatchery  
  52  4:12  Overlord  
  52  4:16  Roach Warren, Extractor  
  48  4:17  Drone  
  48  4:18  Drone x5  
  48  4:19  Extractor  
  53  4:29  Overlord x2  
  53  4:40  Evolution Chamber  
  53  4:42  Lair  
  53  4:43  Drone x2  
  53  4:44  Drone x2  
  56  4:47  Extractor  
  55  4:56  Drone x7  
  62  5:05  Overlord  
  62  5:06  Overlord  
  62  5:10  Zerg Missile Weapons Level 1  
  66  5:21  Roach x5  
  66  5:24  Roach x2  
  66  5:25  Roach x2  
  80  5:29  Spine Crawler, Roach  
  80  5:35  Roach x2  
  85  5:40  Glial Reconstitution  
  85  5:41  Overseer  
  85  5:42  Roach  
  87  5:48  Overlord x2  
  87  5:49  Roach x2  
  93  5:50  Roach  
  93  5:52  Ravager  
  93  5:53  Ravager x2  
  96  6:05  Overlord  
  96  6:06  Overlord  
  96  6:08  Ravager x2  
  98  6:11  Drone  
  98  6:12  Drone x7  
  98  6:14  Extractor  
  98  6:15  Extractor  
  104  6:20  Overlord  
  104  6:21  Overlord x2  
  104  6:34  Drone x4  
  104  6:35  Drone x2  
  104  6:39  Roach x5  
  120  6:51  Roach x2  
  120  6:52  Roach  
  126  6:58  Ravager x5  
  131  7:03  Drone x3, Overlord  
  131  7:04  Overlord x2  
  134  7:10  Zerg Missile Weapons Level 2  
  134  7:11  Hatchery  
  133  7:16  Roach x5  
  143  7:27  Roach  
  143  7:28  Roach x6  
  157  7:35  Overlord x2  
  157  7:36  Overlord  
  157  7:39  Overseer  
  157  7:40  Overseer  
  157  7:45  Roach x4  
  165  8:00  Roach  
  165  8:01  Roach x9  
  185  8:16  Overlord  
  183  8:40  Overseer  
  176  8:46  Roach x2  
  176  8:47  Roach x6  
  191  8:55  Spawning Pool  
  177  9:10  Roach  
  177  9:11  Roach x6  
  187  9:21  Roach x9  
  152  9:33  Roach x3  
  152  9:35  Roach x3  
  152  9:36  Roach  
  145  9:41  Pneumatized Carapace  
  145  9:49  Drone x2  
  145  9:50  Drone x2, Spine Crawler  
  145  9:51  Overseer  
  148  10:04  Ravager  
  148  10:05  Ravager x12  
  160  10:12  Drone x2  
  160  10:13  Drone x2  
  164  10:23  Hatchery  
  164  10:27  Roach x6  
  164  10:28  Roach x5  
  185  10:31  Overseer  
  185  10:38  Overlord x2  
  185  10:39  Zerg Ground Armor Level 1  
  185  10:45  Hydralisk Den  
  184  11:05  Spine Crawler  
  184  11:07  Spine Crawler  
  180  11:23  Lurker Den  
  180  11:24  Hydralisk x2  
  180  11:25  Hydralisk x6  
  168  11:40  Roach x2  
  168  11:41  Roach x12  
  168  11:46  Roach x2  
  179  11:47  Roach  
  179  11:49  Roach  
  153  11:55  Roach x3  
  153  12:00  Roach x2  
  138  12:02  Roach  
  138  12:03  Roach  
  136  12:16  Hydralisk x3  
  136  12:17  Hydralisk x2  
  146  12:50  Lurker x5  
  151  12:55  Drone x9  
  151  12:57  Extractor x2  
  158  12:59  Ravager, Queen  
  161  13:06  Zerg Ground Armor Level 2  
  161  13:14  Spine Crawler  
  161  13:16  Spine Crawler x3  
  161  13:17  Drone x6  
  161  13:18  Drone x2  
  165  13:26  Hydralisk x2  
  169  13:27  Hydralisk x2  
  173  13:54  Lurker  
  173  13:55  Lurker  
  175  13:57  Lurker  
  175  13:58  Lurker, Spine Crawler  
  175  13:59  Spine Crawler x2  
  175  14:02  Burrow, Spine Crawler, Tunneling Claws  
  174  14:04  Spine Crawler x2  
  174  14:05  Spine Crawler x2  
  155  14:47  Hydralisk x4  
  149  14:56  Infestation Pit  
  149  14:59  Muscular Augments  
  146  15:03  Spine Crawler x2  
  146  15:04  Spine Crawler, Hydralisk x4  
  146  15:05  Spine Crawler  
  150  15:12  Roach  
  150  15:13  Roach x13  
  178  15:23  Lurker x4  
  182  15:29  Spire  
  181  15:44  Roach x12  
  181  15:56  Hive  
  181  15:59  Evolution Chamber  
  181  16:01  Roach x6  
  181  16:02  Roach x3  
  180  16:05  Roach x14  
  160  16:56  Corruptor x3  
  160  16:57  Corruptor x6  
  160  17:00  Overseer, Roach x6  
  176  17:05  Spire  
  171  17:10  Hatchery  
  162  17:32  Zerg Flyer Weapons Level 1  
  160  17:55  Overlord x2  
  160  17:56  Viper x2  
  160  17:57  Viper  
  169  18:00  Corruptor x7  
  169  18:02  Hatchery  
  183  18:23  Roach x5  
  183  18:46  Corruptor x7  
  197  19:06  Zerg Flyer Armor Level 1  
  158  19:47  Drone x3  
  155  20:08  Hatchery  
  154  20:29  Greater Spire  
  154  20:45  Roach x7  
  164  21:03  Hatchery  
  160  21:16  Roach  
  160  21:19  Drone x21  
  160  21:44  Roach  
  160  21:45  Roach  
  147  22:41  Hatchery  
  146  23:14  Roach  
  146  23:15  Roach  
  138  24:53  Spawning Pool  
  138  24:56  Extractor  
  134  25:05  Roach x5  
  122  25:48  Lair  
  122  25:50  Roach Warren  
  115  26:26  Zergling x10  
  119  27:21  Roach x10  
  119  27:22  Roach x2  
  143  27:35  Hatchery  
  134  28:06  Roach x2  
  134  28:07  Roach x3  
  144  28:25  Roach x4  
  154  28:27  Roach x5  
  162  28:44  Roach x3  
  162  28:45  Roach  
  170  29:13  Overlord x3  
  87  30:56  Hatchery  
  82  31:43  Roach x3  
  86  31:59  Roach  
  88  32:16  Roach  
  88  32:17  Roach  
  92  32:29  Roach  
  89  32:42  Roach x4  
  97  32:47  Roach  
  99  32:51  Roach  
  99  32:52  Roach  
  99  32:58  Roach  
  105  33:01  Roach  
  105  33:09  Roach x3  
  111  33:17  Roach x2  
Tags
 
Add a new tag
Caveats
  • Supply blocks, unpowered buildings, or Contaminate may cause inaccurate times.
  • Supply counts are checked every 10 seconds.